 Dungeon Crawl Stone Soup version 0.29.1-15-g9cfb28693d (webtiles) character file.

Game seed: 5251621245951709407

147 jtron the Skirmisher (level 5, -4/51 HPs)
             Began as a Gnoll Wanderer on Mar 21, 2023.
             Splashed by a jelly's acid (6 damage)
             ... on level 4 of the Dungeon.
             The game lasted 00:04:54 (2485 turns).

jtron the Skirmisher (Gnoll Wanderer)               Turns: 2485, Time: 00:04:54

Health: -4/51      AC: -13   Str: 10    XL:     5   Next: 29%
Magic:  7/7        EV: 12    Int: 10    God:
Gold:   164        SH:  0    Dex: 16    Spells: 7/7 levels left

rFire   . . .      SeeInvis .   a - +4 sling
rCold   . . .      Faith    .   (no shield)
rNeg    . . .      Spirit   .   d - +0 robe
rPois   .          Reflect  .   (no helmet)
rElec   .          Harm     .   (no cloak)
rCorr   .          Rampage  .   (no gloves)
Will    .....                   (no boots)
Stlth   ++........              (no amulet)
HPRegen 0.17/turn               (no ring)
MPRegen 0.10/turn               (no ring)

@: corroded
A: fangs 1, strong nose, distributed training
a: no special abilities


You were on level 4 of the Dungeon.
You visited 1 branch of the dungeon, and saw 4 of its levels.

You collected 164 gold pieces.

Inventory:

Hand Weapons
 a - a +4 sling (weapon)
 b - a +0 quarterstaff
Missiles
 h - 3 javelins
 n - 12 stones
Armour
 d - a +0 robe (worn)
Magical Staves
 j - a staff of fire
Jewellery
 l - an amulet of magic regeneration
Scrolls
 m - a scroll of immolation
Potions
 c - a potion of attraction
 f - a potion of ambrosia
 g - a potion of lignification
 i - 3 potions of curing
 k - 2 potions of invisibility
 r - a potion of berserk rage


   Skills:
 + Level 8.6 Fighting
 + Level 1.5 Short Blades
 + Level 1.5 Long Blades
 + Level 1.5 Axes
 + Level 1.5 Maces & Flails
 + Level 1.5 Polearms
 + Level 3.0 Staves
 + Level 8.6 Ranged Weapons
 + Level 3.0 Throwing
 + Level 1.5 Armour
 + Level 1.5 Dodging
 + Level 1.5 Stealth
 + Level 1.5 Shields
 + Level 1.5 Unarmed Combat
 + Level 1.5 Spellcasting
 + Level 1.2 Conjurations
 + Level 1.2 Hexes
 + Level 1.2 Summonings
 + Level 1.2 Necromancy
 + Level 1.2 Translocations
 + Level 1.2 Transmutations
 + Level 1.2 Fire Magic
 + Level 1.2 Ice Magic
 + Level 1.2 Air Magic
 + Level 1.2 Earth Magic
 + Level 1.2 Poison Magic
 + Level 1.7 Invocations
 + Level 1.5 Evocations


You had 7 spell levels left.
You didn't know any spells.
Your spell library was empty.

Dungeon Overview and Level Annotations

Branches:
Dungeon (4/15)
 Temple: D:4-7

Altars:

Shops:
D:1 *   D:2 (


Innate Abilities, Weirdness & Mutations

You have very sharp teeth.
Your uncanny sense of smell can sniff out nearby items.
Your experience applies equally to all skills.


Message History

The jelly hits you.
You are splashed with acid!
You are too injured to fight recklessly!
You are too injured to fight recklessly!
Fire: a) +4 sling
Press: ? - help, Q - select action, (/) - cycle Shift-Dir - straight line, f/p - jelly
Aim: a jelly (lightly wounded, 92% to hit)
You shoot a sling bullet.
The sling bullet barely misses the jelly.
The jelly hits you. The acid corrodes you!
You are splashed with acid!
* * * LOW HITPOINT WARNING * * *
You feel much better. The jelly hits you. The acid corrodes you!
You are splashed with acid!
* * * LOW HITPOINT WARNING * * *
Fire: a) +4 sling
Press: ? - help, Q - select action, (/) - cycle Shift-Dir - straight line, f/p - jelly
Aim: a jelly (lightly wounded, 92% to hit)
You shoot a sling bullet.
The sling bullet hits the jelly but does no damage.
The jelly is lightly wounded.
The jelly hits you.
* * * LOW HITPOINT WARNING * * *
You are splashed with acid!
* * * LOW HITPOINT WARNING * * *
Fire: a) +4 sling
Press: ? - help, Q - select action, (/) - cycle Shift-Dir - straight line, f/p - jelly
Aim: a jelly (lightly wounded, 92% to hit)
You shoot a sling bullet.
The sling bullet hits the jelly but does no damage.
The jelly is lightly wounded.
The jelly closely misses you.
Fire: a) +4 sling
Press: ? - help, Q - select action, (/) - cycle Shift-Dir - straight line, f/p - jelly
Aim: a jelly (lightly wounded, 92% to hit)
You shoot a sling bullet.
The sling bullet hits the jelly but does no damage.
The jelly is lightly wounded.
The jelly hits you.
* * * LOW HITPOINT WARNING * * *
The acid corrodes you!
You are splashed with acid.
You die...

. .# ## #.##.
... ∆∆ .(...
.... ......
.....####......
".....J........
#@# #.......#
#.#####.# ..# ∆
... .... ####


You could see a jelly.

Vanquished Creatures
  A hound (D:3)
  Terence (D:2)
  Robin (D:2)
  2 adders
  A dart slug (D:1)
  8 ball pythons
  3 endoplasms
  A giant cockroach (D:1)
  17 goblins
  7 hobgoblins
  4 quokkas
  2 bats
  6 kobolds
  3 rats
57 creatures vanquished.

Notes
Turn   | Place    | Note
-------+----------+-------------------------------------------
     0 | D:1      | jtron the Gnoll Wanderer began the quest for the Orb.
     0 | D:1      | jtron set off with the following items: a +3 sling, a +0
                  | quarterstaff, a potion of attraction, a +0 robe.
     0 | D:1      | Reached XP level 1. HP: 26/26 MP: 1/1
    91 | D:1      | Reached XP level 2. HP: 33/33 MP: 2/2
   241 | D:1      | Found a faded altar of an unknown god.
   391 | D:1      | Reached XP level 3. HP: 38/38 MP: 3/3
   498 | D:1      | Found Famaza's Assorted Antiques.
   688 | D:2      | Reached skill level 1 in Invocations
   956 | D:2      | Found Rubaop Naid's Weapon Boutique.
   976 | D:2      | Noticed Terence
   984 | D:2      | Killed Terence
   985 | D:2      | Reached skill level 1 in Short Blades
   985 | D:2      | Reached skill level 1 in Long Blades
   985 | D:2      | Reached skill level 1 in Axes
   985 | D:2      | Reached skill level 1 in Maces & Flails
   985 | D:2      | Reached skill level 1 in Polearms
   985 | D:2      | Reached skill level 1 in Armour
   985 | D:2      | Reached skill level 1 in Dodging
   985 | D:2      | Reached skill level 1 in Stealth
   985 | D:2      | Reached skill level 1 in Shields
   985 | D:2      | Reached skill level 1 in Unarmed Combat
   985 | D:2      | Reached skill level 1 in Spellcasting
   985 | D:2      | Reached skill level 1 in Evocations
   985 | D:2      | Reached XP level 4. HP: 39/45 MP: 5/5
  1384 | D:2      | Noticed Robin
  1395 | D:2      | Reached skill level 1 in Conjurations
  1395 | D:2      | Reached skill level 1 in Hexes
  1395 | D:2      | Reached skill level 1 in Summonings
  1395 | D:2      | Reached skill level 1 in Necromancy
  1395 | D:2      | Reached skill level 1 in Translocations
  1395 | D:2      | Reached skill level 1 in Transmutations
  1395 | D:2      | Reached skill level 1 in Fire Magic
  1395 | D:2      | Reached skill level 1 in Ice Magic
  1395 | D:2      | Reached skill level 1 in Air Magic
  1395 | D:2      | Reached skill level 1 in Earth Magic
  1395 | D:2      | Reached skill level 1 in Poison Magic
  1399 | D:2      | Killed Robin
  1806 | D:3      | Identified the +8 chain mail of Oczon {Harm rPois Regen+
                  | Slay-5}
  2107 | D:3      | Reached XP level 5. HP: 51/51 MP: 7/7
  2485 | D:4      | HP: 2/51 [jelly (2)]
  2485 | D:4      | Splashed by a jelly's acid

Illustrated notes

Levels and vault maps discovered:
D:1:      spicycebolla_green_bress_n_ham_2, layout_basic, serial_shops,
          nicolae_lakefront_shop, nicolae_ecumenical_snake_handling,
          minmay_tree_intersection
D:2:      layout_loops_corners, serial_shops,
          nicolae_shop_competitors_out_of_business, kennysheep_generic_room_13,
          uniq_terence, uniq_robin
D:3:      layout_loops_ring, dk_noncrumbling_2, minmay_misc_feat_square
D:4:      layout_basic

Skill      XL: |  1  2  3  4  5 |
---------------+----------------+-----
Invocations    | 1 |  1.7
Short Blades   | 1 |  1.5
Long Blades    | 1 |  1.5
Axes           | 1 |  1.5
Maces & Flails | 1 |  1.5
Polearms       | 1 |  1.5
Armour         | 1 |  1.5
Dodging        | 1 |  1.5
Stealth        | 1 |  1.5
Shields        | 1 |  1.5
Unarmed Combat | 1 |  1.5
Spellcasting   | 1 |  1.5
Evocations     | 1 |  1.5
Conjurations   | 1 |  1.2
Hexes          | 1 |  1.2
Summonings     | 1 |  1.2
Necromancy     | 1 |  1.2
Translocations | 1 |  1.2
Transmutations | 1 |  1.2
Fire Magic     | 1 |  1.2
Ice Magic      | 1 |  1.2
Air Magic      | 1 |  1.2
Earth Magic    | 1 |  1.2
Poison Magic   | 1 |  1.2
Staves         | 3 |  3.0
Throwing       | 3 |  3.0
Fighting       | |  8.6
Ranged Weapons | |  8.6

Action                   |  1- 3 |  4- 6 || total
-------------------------+-------+-------++-------
 Fire: Sling             |    68 |    69 ||   137
  Use: Scroll            |       |    11 ||    11
       Potion            |       |     1 ||     1
Armor: Robe              |     2 |     5 ||     7
Dodge: Dodged            |     6 |    10 ||    16
